 Dungeon Crawl Stone Soup version 0.31-a0-219-g8d62b2e7bb (webtiles) character file.

Game seed: 11093072368641085969

1871 qw the Skirmisher (level 8, 0/71 HPs)
             Began as a Minotaur Hexslinger on July 3, 2023.
             Was a Believer of Okawaru.
             Slain by a killer bee (4 damage)
             ... on level 7 of the Dungeon.
             The game lasted 00:02:04 (5871 turns).

qw the Skirmisher (Minotaur Hexslinger)             Turns: 5871, Time: 00:02:05

Health: 0/71       AC:  6    Str: 13    XL:     8   Next: 90%
Magic:  8/10       EV: 16    Int: 10    God:    Okawaru [**....]
Gold:   363        SH:  0    Dex: 15    Spells: 8/9 levels left

rFire   . . .        Y - +1 orcbow
rCold   + . .        (shield currently unavailable)
rNeg    . . .        f - +1 robe of Disappointment {rC+ Regen+}
rPois   .            (helmet restricted)
rElec   +            (no cloak)
rCorr   .            j - +2 pair of gloves
SInv    .            (no boots)
Will    .....        (no amulet)
Stlth   +++          (no ring)
HPRegen 1.11/turn    (no ring)
MPRegen 0.12/turn

%: no passive effects
@: lethally poisoned (0 -> -22), about to teleport, heroic
A: horns 2, retaliatory headbutt, hooves 1, screaming 1, electricity resistance
a: Renounce Religion, Heroism


You were on level 7 of the Dungeon.
You worshipped Okawaru.
Okawaru was pleased with you.
You visited 2 branches of the dungeon, and saw 9 of its levels.

You collected 363 gold pieces.


Innate Abilities, Weirdness & Mutations

You have a pair of horns on your head.
You reflexively headbutt those who attack you in melee.
You have large cloven feet.
You occasionally shout uncontrollably at your foes.
You are resistant to electric shocks. (rElec)


   Skills:
 - Level 6.5(11.5) Fighting
 + Level 9.7(14.7) Ranged Weapons
 - Level 1.0(6.0) Armour
 - Level 3.8(8.8) Dodging
 - Level 1.0 Spellcasting
 - Level 2.0 Hexes
 - Level 4.1 Invocations


You had 8 spell levels left.
You knew the following spells:

 Your Spells              Type           Power      Damage    Failure   Level
a - Slow                  Hex            16%        N/A       16%         1

Your spell library contained the following spells:

 Spells                   Type           Power      Damage    Failure   Level
 Inner Flame              Hex/Fire       2%         N/A       56%         3
 Portal Projectile        Hex/Tloc       4%         N/A       56%         3
 Cause Fear               Hex            2%         N/A       83%         4

Inventory:

Hand Weapons
 Y - a +1 orcbow (weapon)
Armour
 f - the +1 robe of Disappointment (worn) {rC+ Regen+}
   (You found it on level 3 of the Dungeon)

   rC:        It protects you from cold.
   Regen:     It increases your rate of health regeneration.
 j - a +2 pair of gloves (worn)
 l - the +3 ring mail "Rug Feik" {rCorr Str+3}
   (You found it on level 2 of the Dungeon)

   Str:       It affects your strength (+3).
   rCorr:     It protects you from acid and corrosion.
Wands
 n - a wand of digging (5)
Scrolls
 e - 2 scrolls of teleportation
 g - 2 scrolls of identify
 p - a scroll of enchant armour
Potions
 a - a potion of mutation
 b - 2 potions of cancellation
 c - 4 potions of curing
 d - a potion of might
 i - a potion of resistance
 k - a potion of heal wounds
 m - a potion of haste
 o - a potion of magic

Dungeon Overview and Level Annotations

Branches:
Dungeon (8/15)             Temple (1/1) D:6
   Lair: D:8-11

Altars:
Ashenzari
Cheibriados
Dithmenos
Elyvilon
Fedhas
Gozag
Hepliaklqana
Kikubaaqudgha
Makhleb
Nemelex Xobeh
Okawaru
Qazlal
Ru
Sif Muna
Trog
Uskayaw
Vehumet
Wu Jian
Xom
Zin
The Shining One


Message History

The killer bee barely misses you. The killer bee stings you.
The killer bee barely misses you. x2
The killer bee stings you but does no damage.
5868 ||| STAIRDANCE You feel sick.
The killer bee stings you.
You are more poisoned.
The killer bee poisons you! The killer bee barely misses you. x2
The killer bee closely misses you. The killer bee misses you.
The killer bee stings you. The killer bee closely misses you.
The killer bee misses you.
The killer bee stings you but does no damage.
The killer bee stings you!
You climb upwards.
You feel very sick.
There is a stone staircase leading down here.
5870 ||| INVOKING Heroism.
You gain the combat prowess of a mighty hero.
You feel sick. The killer bee stings you.
You are more poisoned.
The killer bee poisons you! The killer bee barely misses you.
You furiously retaliate!
You headbutt the killer bee, but do no damage.
The killer bee misses you. You furiously retaliate!
You headbutt the killer bee!
You kill the killer bee!
Okawaru accepts your kill.
The killer bee stings you but does no damage.
The killer bee closely misses you. The killer bee stings you.
You are lethally poisoned!
The killer bee poisons you! The killer bee misses you. You furiously retaliate!
You headbutt the killer bee. The killer bee misses you.
The killer bee stings you.
5871 ||| READING 3 scrolls of teleportation.
As you read the scroll of teleportation, it crumbles to dust.
You feel strangely unstable.
You feel very sick. The killer bee stings you.
You are more poisoned.
The killer bee poisons you! The killer bee misses you. x2
The killer bee stings you. x2
You die...

##.# ####.##.# #.# ##.. .#.#
#....##.########.# ##.# .#.#
#.............##.######.# .(.#
#.......#####.##.#......#
#########...###.# #.##.#.####.#
........#...# #.# #.##.....##.#
#######.#...# #.#####.##.###.##))
#.#...# #y.y.......# #.....
#######.#...# #y@y.......###.##.#
#.......))..# #######.##.....##.#
#.#####)##..# #.####.####.# #.#
#.##..#########.# #.# ##.#
..#####.##............# #.####.#
.........##.########### #.......
#######).##.###################.#
#....................Y>...#
#..^..#####################


You could see 4 killer bees.

Vanquished Creatures
  3 yaks
  A steam dragon (D:6)
  A water moccasin (D:7)
  An ice beast (D:6)
  A sky beast (D:7)
  A kobold brigand (D:7)
  A bullfrog (D:7)
  A scorpion (D:4)
  2 killer bees
  A howler monkey (D:6)
  An orc priest (D:7)
  A jelly (D:5)
  A gnoll bouda (D:6)
  4 hounds
  A sleepcap (D:4)
  4 iguanas
  Natasha (thrice) (D:4)
  2 orc wizards (D:7)
  7 adders
  6 gnolls
  2 white imps
  An ufetubus (D:7)
  6 worms
  2 dart slugs
  10 orcs
  7 ball pythons
  5 endoplasms
  2 giant cockroaches
  3 goblins
  4 hobgoblins
  3 quokkas
  2 bats
  A frilled lizard (D:1)
  15 kobolds
  4 rats
110 creatures vanquished.

Notes
Turn   | Place    | Note
-------+----------+-------------------------------------------
     0 | D:1      | qw the Minotaur Hexslinger began the quest for the Orb.
     0 | D:1      | Reached XP level 1. HP: 16/16 MP: 1/1
     0 | D:1      | 0 ||| qw: Version: 0.3-a-40-ge99b1a8
     0 | D:1      | 0 ||| qw: Game counter: 338
     0 | D:1      | 0 ||| qw: Melee chars always use a shield: true
     0 | D:1      | 0 ||| qw: God list: Okawaru
     0 | D:1      | 0 ||| qw: Allow faded altars: false
     0 | D:1      | 0 ||| qw: Do Orc after clearing Dungeon:15 true
     0 | D:1      | 0 ||| qw: Do second Lair branch before Depths: true
     0 | D:1      | 0 ||| qw: Lair rune preference: random
     0 | D:1      | 0 ||| qw: Goals: Normal
     0 | D:1      | 0 ||| PLANNING D:1-11
   204 | D:1      | Reached skill level 3 in Ranged Weapons
   221 | D:1      | Reached XP level 2. HP: 23/23 MP: 2/2
   871 | D:1      | 871 ||| UPGRADING to +0 leather armour.
   881 | D:1      | 881 ||| DROPPING +0 robe.
   882 | D:1      | 882 ||| READING scroll labelled IFAUXUBUTO.
   886 | D:1      | 886 ||| READING 5 scrolls labelled ZIAJIL UPTORGH.
   887 | D:1      | 887 ||| READING 4 scrolls of enchant weapon.
   887 | D:1      | 887 ||| ENCHANTING +2 sling.
   888 | D:1      | 888 ||| READING 3 scrolls of enchant weapon.
   888 | D:1      | 888 ||| ENCHANTING +3 sling.
   889 | D:1      | 889 ||| READING 2 scrolls of enchant weapon.
   889 | D:1      | 889 ||| ENCHANTING +4 sling.
   890 | D:1      | 890 ||| READING scroll of enchant weapon.
   890 | D:1      | 890 ||| ENCHANTING +5 sling.
   891 | D:1      | 891 ||| READING 2 scrolls labelled KIUNUFYELU.
   892 | D:1      | 892 ||| DROPPING scroll of poison.
  1097 | D:2      | 1097 ||| Stepping ~*~*~tactically~*~*~ (outnumbered).
  1099 | D:2      | Reached XP level 3. HP: 29/29 MP: 3/3
  1295 | D:2      | Reached skill level 4 in Ranged Weapons
  1434 | D:2      | Found an opulent altar of Gozag.
  1469 | D:2      | Identified the +3 ring mail "Rug Feik" {rCorr Str+3}
  1744 | D:2      | 1744 ||| UPGRADING to +0 pair of gloves.
  1749 | D:2      | 1749 ||| UPGRADING to +3 ring mail "Rug Feik" {rCorr
                  | Str+3}.
  1759 | D:2      | 1759 ||| DROPPING +0 leather armour.
  1760 | D:2      | 1760 ||| READING 2 scrolls labelled OCAMAE HINA.
  1761 | D:2      | 1761 ||| READING 2 scrolls labelled TEORIO MUFOCHUI.
  1762 | D:2      | 1762 ||| READING scroll labelled RUF VALLA HUK.
  1763 | D:2      | 1763 ||| DRINKING 2 glowing inky potions.
  1764 | D:2      | 1764 ||| READING 3 scrolls of identify.
  1764 | D:2      | 1764 ||| IDENTIFYING bubbling golden potion
  1765 | D:2      | 1765 ||| READING 2 scrolls of identify.
  1765 | D:2      | 1765 ||| IDENTIFYING bubbling orange potion
  1766 | D:2      | 1766 ||| DROPPING potion of lignification.
  1767 | D:2      | 1767 ||| DROPPING scroll of noise.
  1768 | D:2      | 1768 ||| DROPPING scroll of amnesia.
  1769 | D:2      | 1769 ||| DROPPING potion of degeneration.
  2143 | D:3      | 2143 ||| Stepping ~*~*~tactically~*~*~ (outnumbered).
  2151 | D:3      | Reached skill level 1 in Armour
  2201 | D:3      | Reached XP level 4. HP: 36/36 MP: 4/4
  2247 | D:3      | Identified the +1 robe of Disappointment {rC+ Regen+}
  2425 | D:3      | 2425 ||| UPGRADING to +1 robe of Disappointment {rC+
                  | Regen+}.
  2435 | D:3      | 2435 ||| DRINKING 2 grey potions.
  2435 | D:3      | Gained mutation: You have large cloven feet. [potion of
                  | mutation]
  2435 | D:3      | Gained mutation: You occasionally shout uncontrollably at
                  | your foes. [potion of mutation]
  2435 | D:3      | Gained mutation: You are resistant to electric shocks.
                  | (rElec) [potion of mutation]
  2436 | D:3      | 2436 ||| DRINKING 2 fizzy red potions.
  2437 | D:3      | 2437 ||| READING 3 scrolls of identify.
  2437 | D:3      | 2437 ||| IDENTIFYING dark potion
  2438 | D:3      | 2438 ||| READING 2 scrolls of identify.
  2438 | D:3      | 2438 ||| IDENTIFYING green potion
  2439 | D:3      | 2439 ||| DROPPING potion of attraction.
  2543 | D:4      | Noticed Natasha
  2551 | D:4      | Killed Natasha
  2552 | D:4      | Reached skill level 5 in Ranged Weapons
  2663 | D:4      | Found a stormy altar of Qazlal.
  2703 | D:4      | Noticed Natasha
  2708 | D:4      | Killed Natasha
  2709 | D:4      | Reached XP level 5. HP: 42/42 MP: 5/5
  2712 | D:4      | Found a broken altar of Ashenzari.
  2740 | D:4      | Reached skill level 3 in Fighting
  2788 | D:4      | Noticed Natasha
  2792 | D:4      | Killed Natasha
  2793 | D:4      | Reached skill level 6 in Ranged Weapons
  2826 | D:4      | Reached XP level 6. HP: 52/52 MP: 6/6
  3024 | D:4      | 3024 ||| READING scroll labelled RIQ MOSYUXO.
  3025 | D:4      | 3025 ||| READING 2 scrolls labelled SAIKONN XACK.
  3026 | D:4      | 3026 ||| READING 2 scrolls of identify.
  3026 | D:4      | 3026 ||| IDENTIFYING white potion
  3027 | D:4      | 3027 ||| DROPPING scroll of blinking.
  3049 | D:5      | Entered Level 5 of the Dungeon
  3468 | D:5      | Found a snail-covered altar of Cheibriados.
  3562 | D:5      | Reached skill level 7 in Ranged Weapons
  3858 | D:5      | Found a burning altar of Makhleb.
  3858 | D:5      | Found a glowing silver altar of Zin.
  3859 | D:5      | Noticed an angel
  3859 | D:5      | Noticed a cacodemon
  3890 | D:5      | 3890 ||| DROPPING amulet of magic regeneration.
  3891 | D:5      | 3891 ||| READING scroll labelled LYTROU OLEBRA.
  3914 | D:5      | 3914 ||| DRINKING 2 lumpy purple potions.
  3969 | D:6      | Found a staircase to the Ecumenical Temple.
  3971 | D:6      | 3971 ||| PLANNING TEMPLE
  3979 | Temple   | Entered the Ecumenical Temple
  4018 | Temple   | 4018 ||| PLANNING OKAWARU WORSHIP
  4103 | Temple   | Became a worshipper of Warmaster Okawaru
  4104 | Temple   | 4104 ||| PLANNING D:1-11
  4154 | D:6      | 4154 ||| SWAPPING to +0 orcbow.
  4155 | D:6      | 4155 ||| DROPPING +6 sling.
  4164 | D:6      | 4164 ||| READING scroll of enchant weapon.
  4164 | D:6      | 4164 ||| ENCHANTING +0 orcbow.
  4180 | D:6      | 4180 ||| Stepping ~*~*~tactically~*~*~ (outnumbered).
  4184 | D:6      | 4184 ||| Stepping ~*~*~tactically~*~*~ (outnumbered).
  4198 | D:6      | Reached XP level 7. HP: 19/59 MP: 7/7
  4390 | D:6      | Noticed a yak
  4404 | D:6      | Killed a yak
  4405 | D:6      | Reached skill level 8 in Ranged Weapons
  4511 | D:6      | Noticed a steam dragon
  4522 | D:6      | Killed a steam dragon
  4522 | D:6      | Reached * piety under Okawaru
  4523 | D:6      | Reached skill level 3 in Dodging
  4523 | D:6      | 4523 ||| Stepping ~*~*~tactically~*~*~ (cloud).
  4589 | D:6      | 4589 ||| READING 2 scrolls of enchant armour.
  4589 | D:6      | 4589 ||| ENCHANTING +0 pair of gloves.
  4590 | D:6      | 4590 ||| READING scroll of enchant armour.
  4590 | D:6      | 4590 ||| ENCHANTING +1 pair of gloves.
  4823 | D:6      | Reached skill level 1 in Invocations
  5047 | D:6      | 5047 ||| DRINKING 2 fuming golden potions.
  5048 | D:6      | 5048 ||| READING 2 scrolls of identify.
  5048 | D:6      | 5048 ||| IDENTIFYING fuming amethyst potion
  5138 | D:7      | Reached XP level 8. HP: 68/68 MP: 8/8
  5292 | D:7      | 5292 ||| INVOKING Heroism.
  5389 | D:7      | 5389 ||| INVOKING Heroism.
  5390 | D:7      | Reached skill level 3 in Invocations
  5421 | D:7      | Found a sparkling altar of Nemelex Xobeh.
  5508 | D:7      | Reached skill level 9 in Ranged Weapons
  5544 | D:7      | Identified the +4 hand axe "Kaottar" {holy, Dex+3}
  5572 | D:7      | 5572 ||| INVOKING Heroism.
  5689 | D:7      | Found a hazy altar of Hepliaklqana.
  5770 | D:7      | 5770 ||| READING scroll labelled ZUIKHL LOTEAGGE.
  5790 | D:8      | Reached ** piety under Okawaru
  5791 | D:8      | Reached skill level 6 in Fighting
  5792 | D:8      | Noticed a death yak
  5793 | D:8      | 5793 ||| INVOKING Heroism.
  5799 | D:8      | Noticed a death yak
  5803 | D:8      | Noticed a death yak
  5805 | D:8      | 5805 ||| STAIRDANCE
  5810 | D:7      | HP: 3/71 [death yak (20)]
  5811 | D:7      | 5811 ||| READING 4 scrolls of teleportation.
  5812 | D:7      | 5812 ||| DRINKING 2 potions of heal wounds.
  5868 | D:8      | 5868 ||| STAIRDANCE
  5870 | D:7      | 5870 ||| INVOKING Heroism.
  5870 | D:7      | HP: 17/71 [killer bee (4)]
  5871 | D:7      | 5871 ||| READING 3 scrolls of teleportation.
  5871 | D:7      | HP: 4/71 [killer bee (6)]
  5871 | D:7      | Slain by a killer bee

Levels and vault maps discovered:
D:1:      nicolae_arrival_washed_ashore, layout_basic, grunt_decor_resistance
D:2:      layout_loops_corners, basic_altar, minmay_vboxes
D:3:      layout_basic
D:4:      layout_loops_ring, mainiacjoe_overflow_concentric_impassable,
          nicolae_qazlal_general_emergency, uniq_natasha
D:5:      layout_loops_corners, grunt_temple_overflow_order_and_chaos_2,
          kennysheep_mini, nicolae_wormholes
D:6:      layout_basic, minmay_temple_entry_overgrown, chequers_mini_garden,
          chequers_jeans, kennysheep_generic_room_5
D:7:      layout_loops_ring, nemelex_xobeh_ov_fountains_minmay,
          marbit_many_paths
D:8:      layout_basic, dpeg_lair_monsters,
          nicolae_concentric_dashed_squares_wild, guppyfry_early_elven_hall
Temple:   jpeg_temple_clearing

Skill      XL: |  1  2  3  4  5  6  7  8 |
---------------+-------------------------+-----
Ranged Weapons | 3 4 5 6 7 8 9 |  9.7
Fighting       | 2 3 4 5 6 |  6.5
Armour         | 1 |  1.0
Dodging        | 3 |  3.8
Invocations    | 2 4 |  4.1
Spellcasting   | |  1.0
Hexes          | |  2.0

Action                     |  1- 3 |  4- 6 |  7- 9 || total
---------------------------+-------+-------+-------++-------
   Fire: Sling             |   106 |    98 |       ||   204
         Orcbow            |       |    18 |   193 ||   211
 Invoke: Heroism           |       |       |     5 ||     5
    Use: Scroll            |    12 |     7 |     6 ||    25
         Potion            |     1 |     3 |     2 ||     6
 Armour: Robe              |     6 |     4 |    28 ||    38
         Ring mail         |     3 |       |       ||     3
  Dodge: Dodged            |    18 |    27 |    82 ||   127

Table legend:
 A = Non-vault XP
 B = Vault XP
 C = Vault XP percentage of total XP
 D = Non-vault monster count
 E = Vault monster count
 F = Vault count percentage of total count
                 A         B        C        D         E       F
            +---------+---------+-------+---------+---------+-------
      Total |    1959 |     715 |  26.7 |      94 |      16 |  14.5
            +---------+---------+-------+---------+---------+-------
        D:1 |      27 |       0 |   0.0 |      15 |       0 |   0.0
        D:2 |      27 |      24 |  47.1 |      14 |       5 |  26.3
        D:3 |      64 |       0 |   0.0 |      12 |       0 |   0.0
        D:4 |     281 |      36 |  11.4 |       8 |       1 |  11.1
        D:5 |     177 |      25 |  12.4 |       9 |       5 |  35.7
        D:6 |     534 |     219 |  29.1 |      11 |       2 |  15.4
        D:7 |     786 |       3 |   0.4 |      24 |       1 |   4.0
        D:8 |      63 |     408 |  86.6 |       1 |       2 |  66.7
            +---------+---------+-------+---------+---------+-------
